 Dungeon Crawl Stone Soup version 0.30.1-3-gfc49f6343a (webtiles) character file.

Game seed: 13191915357042916274

2548 shmup the Arsonist (level 9, -2/52 HPs)
             Began as a Tengu Fire Elementalist on July 28, 2023.
             Was a Believer of Qazlal.
             Succumbed to Erica's bolt of poison
             ... on level 8 of the Dungeon.
             The game lasted 00:21:54 (8861 turns).

shmup the Arsonist (Tengu Fire Elementalist)        Turns: 8861, Time: 00:21:55

Health: -2/52      AC:  4    Str:  8    XL:     9   Next: 56%
Magic:  6/13       EV: 17    Int: 20    God:    Qazlal [**....]
Gold:   329        SH:  2    Dex: 15    Spells: 3/12 levels left

rFire   . . .        a - +4 short sword (holy)
rCold   . . .        (no shield)
rNeg    + . .        q - +2 robe {rN+}
rPois   .            (helmet restricted)
rElec   .            (no cloak)
rCorr   .            (no gloves)
SInv    .            (boots unavailable)
Will    .....        (no amulet)
Stlth   ++           (no ring)
HPRegen 0.28/turn    (no ring)
MPRegen 0.13/turn

%: no passive effects
@: lethally poisoned (-2 -> -31), flying quickly and evasively, slowed, very
slow
A: beak, talons 3, nimble flight
a: Renounce Religion, Upheaval


You were on level 8 of the Dungeon.
You worshipped Qazlal.
Qazlal was pleased with you.
You visited 1 branch of the dungeon, and saw 8 of its levels.

You collected 329 gold pieces.

Inventory:

Hand Weapons
 a - a +4 short sword of holy wrath (weapon)
 b - a +0 dagger of flaming
 H - a +0 dagger of venom
Missiles
 d - 14 poisoned darts (quivered)
 j - 68 stones
 y - 3 boomerangs
 A - 2 silver javelins
 F - 2 throwing nets
Armour
 q - a +2 robe of positive energy (worn)
 z - the +2 leather armour of Sif Muna's Esteem {Rampage Str+7 Slay-3}
   (You found it on level 4 of the Dungeon)

   Str:       It affects your strength (+7).
   Slay:      It affects your accuracy & damage with ranged weapons and melee
   (-3).
   Rampage:   It bestows one free step when moving towards enemies.
Magical Staves
 f - a staff of death
 h - a staff of cold
 v - a staff of earth
 E - a staff of air
Wands
 G - a wand of flame (31)
Scrolls
 g - 2 scrolls of poison
 i - a scroll of blinking {unknown}
 l - a scroll of brand weapon {unknown}
 o - 3 scrolls of teleportation
 p - a scroll of amnesia {unknown}
 u - a scroll of noise {unknown}
 x - a scroll of silence {unknown}
 D - a scroll of fog {unknown}
 I - a scroll of torment {unknown}
Potions
 c - a potion of lignification {unknown}
 e - a potion of mutation {unknown}
 k - 2 potions of attraction
 m - a potion of berserk rage {unknown}
 n - 2 potions of brilliance
 r - a potion of magic
 s - 4 potions of heal wounds
 t - a potion of haste {unknown}
 w - a potion of might {unknown}
 B - 2 potions of invisibility
 C - a potion of flight {unknown}


   Skills:
 + Level 4.4 Fighting
 + Level 5.5 Dodging
 - Level 2.0 Stealth
 - Level 2.0 Spellcasting
 + Level 7.8 Conjurations
 - Level 2.0 Hexes
 + Level 0.6 Translocations
 * Level 9.8 Fire Magic


You had 3 spell levels left.
You knew the following spells:

 Your Spells              Type           Power      Damage    Failure   Level
a - Foxfire               Conj/Fire      100%       2x1d9     1%          1
b - Scorch                Fire           82%        2d8       1%          2
c - Inner Flame           Hex/Fire       25%        N/A       4%          3
d - Volatile Blastmotes   Fire/Tloc      44%        2d13      5%          3

Your spell library contained the following spells:

 Spells                   Type           Power      Damage    Failure   Level
 Beastly Appendage        Tmut           4%         N/A       16%         1
 Ensorcelled Hibernation  Hex/Ice        12%        N/A       16%         2
 Spider Form              Tmut/Pois      2%         N/A       43%         3
 Flame Wave               Conj/Fire      37%        2d10      4%          4
 Anguish                  Hex/Necr       3%         N/A       71%         4
 Animate Dead             Necr           2%         N/A       83%         4
 Summon Mana Viper        Hex/Summ       6%         N/A       96%         5
 Summon Forest            Summ/Tloc      1%         N/A       98%         5
 Summon Cactus Giant      Summ           1%         N/A       100%        6
 Haunt                    Necr/Summ      1%         N/A       100%        7
 Infestation              Necr           1%         N/A       100%        8


Dungeon Overview and Level Annotations

Branches:
Dungeon (8/15)             Temple (0/1) D:7
   Lair: D:8-11

Altars:
Fedhas
Qazlal

Annotations:
D:8 Erica


Innate Abilities, Weirdness & Mutations

You have a beak for a mouth.
You have claws for feet.
Your magical nature lets you fly swiftly and evasively.


Message History

Erica shouts!
Erica is nearby!
Casting: Foxfire (safe; 1% risk of failure)
Confirm with . or Enter, or press ? or * to list all spells.
Aiming: Inner Flame (dangerous; 4% risk of failure)
Press: ? - help, Dir - move target, f - Erica
Aim: Erica, wielding a +4 scimitar of flaming and wearing a +0 robe (chance to affect: 49%) Erica is filled with an inner flame.
Casting: Inner Flame (dangerous; 4% risk of failure)
Confirm with . or Enter, or press ? or * to list all spells.
A cloud of volatile blastmotes flares up around you!
Erica casts a spell at you.
You feel yourself slow down.
Erica mumbles some strange words.
Erica flickers and vanishes!
Deactivating autopickup; reactivate with Ctrl-A.
The cloud of blastmotes explodes!
The concussive blast engulfs something!
Flame seeps out of something.
Casting: Volatile Blastmotes (dangerous; 5% risk of failure)
Confirm with . or Enter, or press ? or * to list all spells.
A cloud of volatile blastmotes flares up around you!
Flame seeps out of something.
The cloud of blastmotes explodes!
The concussive blast engulfs something!!
Flame seeps out of something. x2
You hear some strange, mumbled words.
A bolt of poison appears from out of thin air!
The bolt of poison hits you.
You are poisoned.
Casting: Volatile Blastmotes (dangerous; 5% risk of failure)
Confirm with . or Enter, or press ? or * to list all spells.
You can't see any susceptible monsters within range! (Use Z to cast anyway.)
You feel very sick.
You hear some strange, mumbled words.
A bolt of poison appears from out of thin air!
The bolt of poison hits you!!
You are more poisoned.
Ouch! That really hurt!
* * * LOW HITPOINT WARNING * * *
You die...

▒▒▒ ▒▒▒▒▒▒▒▒▒▒▒▒▒
▒.▒▒▒▒...▒..▒.▒.▒.
▒▒▒▒▒...▒▒.▒.▒.▒.▒▒...
▒...▒.......▒.........
▒▒▒▒▒▒▒▒▒▒▒▒...▒Q.▒..))......▒...
...........{00......)............
▒▒▒▒▒▒▒▒▒▒▒...)▒▒▒▒▒▒▒▒▒▒▒▒▒▒▒▒▒▒
▒▒▒▒.....▒ ▒........▒ ▒......▒▒▒
▒......▒▒▒▒▒ ▒..........+
▒.....▒..▒▒▒


There were no monsters in sight!

Vanquished Creatures
  Menkaure (D:6)
  2 water moccasins (D:7)
  An orc warrior (D:8)
  2 ice beasts
  3 black bears
  2 ogres (D:5)
  A centaur (D:7)
  A phantom (D:4)
  A bullfrog (D:7)
  3 scorpions
  A water moccasin zombie (D:4)
  5 killer bees (D:7)
  A jelly (D:5)
  3 hounds
  3 orc priests
  A gnoll bouda (D:4)
  Jessica (D:2)
  2 sleepcaps
  7 iguanas
  2 orc wizards (D:7)
  11 gnolls
  A howler monkey skeleton (D:4)
  8 adders
  2 white imps
  An ufetubus (D:5)
  2 adder zombies (D:4)
  2 worms
  A dart slug (D:5)
  11 orcs
  11 ball pythons
  5 bats
  6 endoplasms
  4 goblins
  5 hobgoblins
  6 kobolds
  3 quokkas
  6 rats
128 creatures vanquished.

Vanquished Creatures (others)
  215 foxfires
215 creatures vanquished.

Grand Total: 343 creatures vanquished

Notes
Turn   | Place    | Note
-------+----------+-------------------------------------------
     0 | D:1      | shmup the Tengu Fire Elementalist began the quest for the
                  | Orb.
     0 | D:1      | Reached XP level 1. HP: 10/10 MP: 4/4
   301 | D:1      | Reached XP level 2. HP: 15/15 MP: 3/6
   306 | D:1      | Learned a level 2 spell: Scorch
  1269 | D:2      | Reached skill level 4 in Fire Magic
  1271 | D:2      | Reached XP level 3. HP: 19/19 MP: 1/7
  1349 | D:2      | Found a stormy altar of Qazlal.
  1360 | D:2      | Became a worshipper of Qazlal Stormbringer
  1613 | D:2      | Noticed Jessica
  1788 | D:2      | Killed Jessica
  1789 | D:2      | Reached XP level 4. HP: 24/24 MP: 2/8
  2396 | D:3      | Reached skill level 5 in Fire Magic
  2633 | D:3      | Found a faded altar of an unknown god.
  2640 | D:3      | Got Plato's Textbook on Forms
  3186 | D:4      | Gained mutation: Your magical nature lets you fly swiftly
                  | and evasively. [Tengu growth]
  3186 | D:4      | Reached XP level 5. HP: 28/28 MP: 1/9
  3328 | D:4      | Noticed a phantom
  3343 | D:4      | Killed a phantom
  3344 | D:4      | Reached skill level 6 in Fire Magic
  3344 | D:4      | Reached XP level 6. HP: 25/32 MP: 3/10
  3968 | D:4      | Reached * piety under Qazlal
  4040 | D:4      | Reached skill level 5 in Conjurations
  4087 | D:4      | Identified the +2 leather armour of Sif Muna's Esteem
                  | {Rampage Str+7 Slay-3}
  4188 | D:4      | Reached skill level 1 in Fighting
  4573 | D:5      | Entered Level 5 of the Dungeon
  4578 | D:5      | Noticed a black bear
  4589 | D:5      | Killed a black bear
  4590 | D:5      | Reached skill level 7 in Fire Magic
  4590 | D:5      | Reached XP level 7. HP: 30/38 MP: 0/11
  4804 | D:5      | Reached skill level 1 in Hexes
  5342 | D:5      | Reached XP level 8. HP: 15/44 MP: 1/12
  5922 | D:5      | Reached skill level 8 in Fire Magic
  6312 | D:6      | Learned a level 3 spell: Inner Flame
  6502 | D:6      | Noticed Menkaure
  6617 | D:6      | Killed Menkaure
  7744 | D:7      | Reached ** piety under Qazlal
  7745 | D:7      | Reached XP level 9. HP: 51/51 MP: 8/13
  7748 | D:7      | Reached skill level 9 in Fire Magic
  7916 | D:7      | Reached skill level 5 in Dodging
  8339 | D:7      | Found a staircase to the Ecumenical Temple.
  8489 | D:7      | Found a blossoming altar of Fedhas.
  8560 | D:7      | Learned a level 3 spell: Volatile Blastmotes
  8833 | D:8      | Noticed Erica
  8861 | D:8      | Succumbed to Erica's bolt of poison

Illustrated notes

Levels and vault maps discovered:
D:1:      amcnicky_arrival_feature_with_door, layout_basic, serial_glass,
          glass_columns_a, glass_columns_c
D:2:      layout_loops_ring, basic_altar, guppyfry_early_lair_pool, uniq_jessica
D:3:      layout_loops_ring, shapermc_ecumenical_altar_rom_forum,
          reono_crystal_passage
D:4:      layout_cave_pods, serial_undead, serial_undead_b, serial_undead_d,
          serial_undead_c, serial_undead_e, kennysheep_potato
D:5:      layout_loops_ring, uniq_crazy_yiuf_cottage
D:6:      layout_loops_ring, uniq_menkaure
D:7:      layout_rooms, lemuel_round_altar, temple_green
D:8:      layout_basic, grunt_dithmenos_shadows, minmay_misc_feat_rugged,
          nicolae_shop_sticking_my_neck_out, uniq_erica, uniq_psyche,
          uniq_gastronok

Skill      XL: |  1  2  3  4  5  6  7  8  9 |
---------------+----------------------------+-----
Conjurations   | 2 3 4 5 6 7 |  7.8
Fire Magic     | 4 5 6 7 8 9 |  9.8
Fighting       | 1 2 3 4 |  4.4
Dodging        | 3 4 5 |  5.5
Hexes          | 1 2 |  2.0
Stealth        | |  2.0
Spellcasting   | |  2.0
Translocations | |  0.6

Action                     |  1- 3 |  4- 6 |  7- 9 || total
---------------------------+-------+-------+-------++-------
  Melee: Kick              |     3 |     2 |     9 ||    14
         Unarmed           |     1 |       |       ||     1
         Short sword       |    12 |     9 |    22 ||    43
         Peck              |     2 |       |     2 ||     4
         Punch             |       |       |     1 ||     1
  Throw: Dart              |     1 |       |       ||     1
   Cast: Foxfire           |    34 |    43 |    47 ||   124
         Scorch            |     2 |    39 |    66 ||   107
         Inner Flame       |       |       |    13 ||    13
         Volatile Blastmot |       |       |     2 ||     2
    Use: Scroll            |       |     1 |     5 ||     6
   Stab: Sleeping          |     1 |       |       ||     1
 Armour: Robe              |     2 |     8 |     7 ||    17
  Dodge: Dodged            |     9 |    17 |    52 ||    78
  Block: Other             |       |     1 |     4 ||     5
